 Dungeon Sprint DCSS version 0.30.1-11-g7821555f0a (webtiles) character file.

Game seed: 15631900088337503022

7 Groucho the Grave Robber (level 1, -5/10 HPs)
             Began as a Felid Wanderer on Jan 2, 2024.
             Killed from afar by an orc wizard (6 damage)
             ... with a puff of flame
             ... in the Dungeon (Sprint IX: "|||||||||||||||||||||||||||||").
             The game lasted 00:00:55 (567 turns).

Groucho the Grave Robber (Felid Wanderer)            Turns: 567, Time: 00:00:56

Health: -5/10      AC:  1    Str:  5    XL:     1   Next: 83%
Magic:  4/4        EV: 16    Int: 17    God:
Gold:   0          SH:  0    Dex: 14    Spells: 4/4 levels left
                                        Lives:  0   Deaths: 0

rFire   . .          .
                       - Unarmed
rCold   . . .        (shield unavailable)
rNeg    . . .        (body armour unavailable)
rPois   .            (helmet unavailable)
rElec   .            (cloak unavailable)
rCorr   .            (gloves unavailable)
SInv    +            (boots unavailable)
Will    .....        (no amulet)
Stlth   +            (no ring)
HPRegen 0.21/turn    (no ring)
MPRegen 0.09/turn

%: no teleportation
@: confused, on berserk cooldown, slowed, slow
A: very small, claws 1, fangs 3, see invisible, speed 1, shaggy fur 1, stealthy
paws, no weapons or thrown items, no armour, multi-lived
a: no special abilities


You were in the Dungeon.
You visited 1 branch

Inventory:

Scrolls
 a - a scroll of silence
 h - a scroll of blinking
Potions
 b - a potion of lignification
 e - a potion of haste
 f - 2 potions of magic


   Skills:
 + Level 2.5 Fighting
 + Level 1.9 Dodging
 + Level 2.2 Stealth
 + Level 1.3 Unarmed Combat
 - Level 2.0 Spellcasting
 - Level 2.0 Summonings
 - Level 4.0 Necromancy
 + Level 1.3 Invocations


You had 4 spell levels left.
You didn't know any spells.
Your spell library contained the following spells:

 Spells                   Type           Power      Damage    Failure   Level
 Sublimation of Blood     Necr           15%        N/A       5%          2
 Kiss of Death            Conj/Necr      32%        2d7       9%          1
 Summon Small Mammal      Summ           32%        N/A       9%          1
 Call Canine Familiar     Summ           8%         N/A       26%         3
 Dispel Undead            Necr           15%        3d10      36%         4


Dungeon Overview and Level Annotations

Branches:
Dungeon (1/1)

Altars:


Innate Abilities, Weirdness & Mutations

You have sharp claws.
You have razor-sharp teeth.
You have supernaturally acute eyesight. (SInv)
You cover ground quickly. (Speed+)
You are covered in fur. (AC +1)
Your paws help you pounce on unaware monsters.
You are incapable of wielding weapons or throwing items.
You cannot wear armour.
You gain extra lives every three experience levels.


Message History

You are too injured to fight recklessly!
You are too injured to fight recklessly!
You are too injured to fight recklessly!
You claw the orc wizard!
The orc wizard is severely wounded.
You barely miss the orc wizard.
The orc wizard is severely wounded.
The orc wizard barely misses you.
You barely miss the orc wizard.
The orc wizard is severely wounded.
The orc wizard barely misses you.
You barely miss the orc wizard.
The orc wizard is severely wounded.
You scratch the orc wizard.
The orc wizard is almost dead.
The orc wizard casts a spell at you. You resist with significant effort.
You closely miss the orc wizard.
The orc wizard is almost dead.
The orc wizard gestures at you while chanting.
You are confused.
You bump into the unnaturally hard rock wall.
You closely miss the orc wizard.
The orc wizard is almost dead.
The orc wizard hits you but does no damage.
You bump into the unnaturally hard rock wall.
The orc wizard hits you with a +0 dagger.
You bump into the unnaturally hard rock wall.
You feel a strong urge to attack something.
You are no longer berserk.
You are exhausted.
You feel yourself slow down.
You're too confused to move!
The orc wizard casts a spell at you. The puff of flame hits you.
* * * LOW HITPOINT WARNING * * *
The orc wizard points at you and mumbles some strange words.
The puff of flame hits you.
Ouch! That really hurt!
You die... ▓▓▓▓▓▓▓▓▓▓▓▓▓▓▓▓▓▓ ▓<...'.)..@olfoW.+ ▓▓▓▓▓▓▓▓▓▓▓▓▓▓▓▓▓▓

You could see a phantom, a sleepcap, an iguana, an orc wizard and an orc.

Vanquished Creatures
  A dart slug (D)
  An endoplasm (D)
  2 bats (D)
  A kobold (D)
5 creatures vanquished.

Notes
Turn   | Place    | Note
-------+----------+-------------------------------------------
     0 | D        | Groucho the Felid Wanderer began the quest for the Orb.
     0 | D        | Groucho set off with the following items: a scroll of
                  | silence, a potion of lignification, a potion of curing, a
                  | potion of heal wounds, a potion of haste, 2 potions of
                  | magic, a potion of berserk rage, a scroll of blinking; and
                  | the following spells available to memorise: Sublimation of
                  | Blood, Kiss of Death, Summon Small Mammal, Call Canine
                  | Familiar, Dispel Undead.
     0 | D        | Reached XP level 1. HP: 9/9 MP: 4/4
    12 | D        | Reached skill level 1 in Dodging
    12 | D        | Reached skill level 1 in Stealth
    17 | D        | Reached skill level 1 in Unarmed Combat
    17 | D        | Reached skill level 1 in Invocations
   555 | D        | Noticed an orc wizard
   555 | D        | Noticed an iguana
   555 | D        | Noticed a sleepcap
   555 | D        | Noticed a phantom
   567 | D        | Killed from afar by an orc wizard

Illustrated notes

Levels and vault maps discovered:
D:        linesprint [early_d, line_temple, items_1, d_10, items_2, lair_1,
          lair_end, items_3, orc_1, orc_end, items_4, d_15, swamp_1, shoals_1,
          snake_1, spider_1, d_20, vaults_1, items_5, swamp_end, shoals_end,
          snake_end, spider_end, vaults_end, d_27, items_6, zot_1, zot_end,
          crypt_end, forest_end, elf_end, slime_end, tomb_end, abyss_end,
          pan_hell_end]

Skill      XL: |  1 |
---------------+----+-----
Dodging        | 1 |  1.9
Stealth        | 2 |  2.2
Unarmed Combat | 1 |  1.3
Invocations    | 1 |  1.3
Fighting       | |  2.5
Spellcasting   | |  2.0
Summonings     | |  2.0
Necromancy     | |  4.0

Action                     || total
---------------------------++-------
  Melee: Unarmed           ||    32
         Bite              ||     3
         Punch             ||     1
    Use: Potion            ||     3
 Armour: Skin              ||     8
  Dodge: Dodged            ||    15
